 Dungeon Crawl Stone Soup version 0.18.1-50-g88ac8fd (webtiles) character file.

177 Gianozzolo the Changer (level 5, 0/40 HPs)
             Began as a Draconian Transmuter on Nov 27, 2017.
             Succumbed to an adder's poison
             ... on level 3 of the Dungeon.
             The game lasted 00:05:38 (2719 turns).

Gianozzolo the Changer (Draconian Transmuter)       Turns: 2719, Time: 00:05:39

Health: 0/40       AC:  5    Str: 13    XL:     5   Next: 31%
Magic:  3/8        EV: 12    Int: 14    God:
Gold:   139        SH:  0    Dex: 11    Spells: 2 memorised, 4 levels left

rFire  + . .     SeeInvis .       - Unarmed
rCold  + + .     Gourm    .     (armour unavailable)
rNeg   . . .     Faith    .     (no shield)
rPois  +         Spirit   .     (helmet restricted)
rElec  +         Dismiss  .     (no cloak)
rCorr  +         Reflect  .     (no gloves)
SustAt .         Harm     .     (no boots)
MR     .....                    (no amulet)
Stlth  +.........               (no ring)
                                (no ring)

@: lethally poisoned (0 -> -8), resistant, very slightly contaminated, not
resistant to hostile enchantments, very unstealthy
A: unfitting armour, blink, cold resistance 1, deterioration 1, cold-blooded, AC
+5
a: Blink


You were on level 3 of the Dungeon.
You were hungry.

You visited 1 branch of the dungeon, and saw 3 of its levels.

You collected 139 gold pieces.

Inventory:

Jewellery
 g - an uncursed ring of fire {unknown}
Scrolls
 e - 2 scrolls of identify {unknown}
 f - a scroll of fear {unknown}
 h - 2 scrolls of teleportation {unknown}
 i - a scroll of recharging {unknown}
 j - a scroll of random uselessness {unknown}
 k - a scroll of fog {unknown}
 l - a scroll of blinking {unknown}
 p - a scroll of remove curse {unknown}
Potions
 d - a potion of resistance
Books
 b - a book of Changes

   Spells                             Type                      Level
   a - Beastly Appendage              Transmutation                1
   b - Sticks to Snakes               Transmutation                2
   c - Spider Form                    Transmutation/Poison         3
   d - Ice Form                       Ice/Transmutation            4
   e - Blade Hands                    Transmutation                5
Comestibles
 a - a meat ration
 c - a bread ration
 m - a slice of pizza
 o - a beef jerky


   Skills:
 - Level 1.1 Fighting
 - Level 1.7 Dodging
 + Level 3.9 Unarmed Combat
 - Level 2.0 Spellcasting
 * Level 4.6 Transmutations
 + Level 1.5 Poison Magic


You had 4 spell levels left.
You knew the following spells:

 Your Spells              Type           Power        Failure   Level  Hunger
a - Beastly Appendage     Trmt           ##....       3%          1    ##.....
b - Spider Form           Trmt/Pois      #.........   21%         3    ####...


Dungeon Overview and Level Annotations

Branches:
Dungeon (3/15)

Altars:
Dithmenos

Annotations:
D:3 Gianozzolo's ghost, amateur NaTm


Innate Abilities, Weirdness & Mutations

Your plain brown scales are hard (AC +5).
Your body does not fit into most forms of armour.
You are cold-blooded and may be slowed by cold attacks.
You can translocate small distances at will.
Your flesh is cold resistant.
Your body sometimes deteriorates upon taking damage.


Message History

You kill the adder!
The bat misses you.
You hit the bat.
You kill the bat!
* * * LOW HITPOINT WARNING * * *
You feel sick.
Drink which item? (? for menu, Esc to quit)
It was a potion of resistance.
You feel protected.
Your talons disappear.
* * * LOW HITPOINT WARNING * * *
You feel sick.
Drink which item? (? for menu, Esc to quit)
It was a potion of mutation.
You feel extremely strange.
You feel jittery.
You feel yourself wasting away.
You feel resistant to cold.
* * * LOW HITPOINT WARNING * * *
You feel sick.
There is a lethal amount of poison in your body!
* * * LOW HITPOINT WARNING * * *
You feel sick.
You die...

#.........#.
#.........'
#.........#
#.........#
#.........###
#..........$#
#.........#
#....@....#
#.........#
####......# #...##.#
#......# ###'####
#.####.# #......#
#.####.# #......#
#.##...## #......#
##.##....####......#


There were no monsters in sight!

Vanquished Creatures
  An orc wizard (D:3)
  Ijyb (D:2)
  4 adders
  An ooze (D:2)
  A worm (D:2)
  A dart slug (D:3)
  A giant gecko (D:2)
  5 orcs (D:3)
  A giant cockroach (D:2)
  9 hobgoblins
  3 jackals (D:2)
  5 kobolds
  A quokka (D:2)
  6 bats
  4 giant newts
  16 goblins
  9 rats
69 creatures vanquished.

Notes
Turn   | Place    | Note
--------------------------------------------------------------
     0 | D:1      | Gianozzolo the Draconian Transmuter began the quest for the Orb.
     0 | D:1      | Reached XP level 1. HP: 16/16 MP: 3/3
   129 | D:1      | Reached XP level 2. HP: 10/23 MP: 3/5
   697 | D:1      | Reached skill level 3 in Transmutations
  1000 | D:2      | Reached XP level 3. HP: 26/28 MP: 6/6
  1013 | D:2      | Learned a level 3 spell: Spider Form
  1571 | D:2      | Reached XP level 4. HP: 31/35 MP: 3/7
  1794 | D:2      | Noticed Ijyb
  1816 | D:2      | Killed Ijyb
  1816 | D:2      | Reached skill level 4 in Transmutations
  1816 | D:2      | Reached skill level 1 in Poison Magic
  2428 | D:3      | Found a shadowy altar of Dithmenos.
  2477 | D:3      | Reached XP level 5. HP: 32/40 MP: 3/8
  2520 | D:3      | Noticed Gianozzolo's ghost (amateur NaTm)
  2717 | D:3      | Gained mutation: You can translocate small distances at will. [potion of mutation]
  2717 | D:3      | Gained mutation: Your body sometimes deteriorates upon taking damage. [potion of mutation]
  2717 | D:3      | Gained mutation: Your flesh is cold resistant. [potion of mutation]
  2717 | D:3      | HP: 2/40 [poisoned by an adder]
  2719 | D:3      | Succumbed to an adder's poison

Skill      XL: |  1  2  3  4 |
---------------+-------------+-----
Transmutations | 3 4 |  4.6
Poison Magic   | 1 |  1.5
Fighting       | |  1.1
Dodging        | |  1.7
Unarmed Combat | |  3.9
Spellcasting   | |  2.0

Action                   |  1- 3 |  4- 6 || total
-------------------------+-------+-------++-------
Melee: Unarmed           |   126 |   142 ||   268
       Tailslap          |    12 |     5 ||    17
       Headbutt          |     2 |       ||     2
       Kick              |     4 |     4 ||     8
 Cast: Beastly Appendage |    16 |     1 ||    17
       Spider Form       |     4 |     8 ||    12
 Abil: End Transformatio |     1 |       ||     1
  Use: Potion            |       |     2 ||     2
  Eat: Chunk             |     3 |     5 ||     8
Armor: Skin              |    31 |    48 ||    79
Dodge: Dodged            |    69 |   127 ||   196
